 Dungeon Crawl Stone Soup version 0.30-a0-743-gbfdf073431 (webtiles) character file.

Game seed: 14156602372988065020

294338 Lobster4 the Axe Maniac (level 21, -4/197 (202) HPs)
             Began as a Hill Orc Fighter on Feb 6, 2023.
             Was the Champion of Trog.
             Slain by a war gargoyle
             ... wielding a +1 great mace of draining
             ... led by a peacekeeper
              (5 damage)
             ... on level 4 of the Vaults on Feb 7, 2023.
             The game lasted 02:35:08 (52844 turns).

Lobster4 the Axe Maniac (Hill Orc Fighter)         Turns: 52844, Time: 02:35:08

HP:   -4/197 (202)  AC: 33    Str: 34    XL:     21   Next: 23%
MP:   0/21          EV:  9    Int:  8    God:    Trog [******]
Gold: 1233          SH: 19    Dex:  6    Spells: 20/20 levels left

rFire   + . .      SeeInvis .    o - +3 broad axe (heavy)
rCold   + . .      Faith    .    J - +1 kite shield {rC+}
rNeg    + . .      Spirit   .    s - +1 plate armour {rF+}
rPois   +          Reflect  +    u - +2 helmet
rElec   +          Harm     .    N - +2 cloak {Stlth+}
rCorr   +          Rampage  .    T - +1 pair of gloves {infuse}
Will    ++...                    W - +1 pair of boots Stlth
                                 n - amulet of the Dripping Scavenger {Reflect rElec Will+ Dex-2 SH+5}
HPRegen 0.52/turn                I - ring of Gunyexko {rPois Str+4 Stlth+}
MPRegen 0.17/turn                G - ring "Uforetoa" {+Blink rElec rN+ rCorr}

@: about to teleport, lightly drained
A: clumsy 1
}: 1/15 runes: serpentine
a: Renounce Religion, Evoke Blink, Berserk, Trog's Hand, Brothers in Arms


You were on level 4 of the Vaults.
You worshipped Trog.
Trog was exalted by your worship.
You visited 7 branches of the dungeon, and saw 34 of its levels.
You also visited: Trove and Bailey.

You collected 4619 gold pieces.
You spent 3386 gold pieces at shops.

Inventory:

Hand Weapons
 a - the +6 spear of Causality {spect, rPois Dex+2}
   (You found it on level 2 of the Dungeon)

   Dex:       It affects your dexterity (+2).
   rPois:     It protects you from poison.
 b - a +5 broad axe of protection
 o - a +3 heavy broad axe (weapon)
 X - the +8 trishula "Condemnation" {holy, anguish, *Noise Fly rN+}
   (You bought it in a shop on level 3 of the Snake Pit)

   rN:        It protects you from negative energy.
   Fly:       It grants you flight.
   *Noise:    It may make noises in combat.
Missiles
 e - 8 throwing nets
 i - 26 javelins
 l - 22 boomerangs (quivered)
 r - 18 curare-tipped darts
 F - 42 poisoned darts
 L - 10 silver boomerangs
 Y - 4 boomerangs of dispersal
Armour
 s - a +1 plate armour of fire resistance (worn)
 u - a +2 helmet (worn)
 E - the +15 Maxwell's patent armour {-Cast -Tele rElec Will+ rCorr}
   (You bought it in a shop on level 14 of the Dungeon)

   rElec:     It insulates you from electricity.
   -Cast:     It prevents spellcasting.
   -Tele:     It prevents most forms of teleportation.
   rCorr:     It protects you from acid and corrosion.
   Will:      It increases your willpower.
 J - a +1 kite shield of cold resistance (worn)
 N - a +2 cloak of stealth (worn)
 T - a +1 pair of gloves of infusion (worn)
 W - a +1 pair of boots (worn)
Jewellery
 j - a ring of protection from fire
 n - the amulet of the Dripping Scavenger (around neck) {Reflect rElec Will+ Dex-2 SH+5}
   (You found it in a treasure trove)

   [amulet of reflection]

   It reflects blocked missile attacks.
   Dex:       It affects your dexterity (-2).
   rElec:     It insulates you from electricity.
   SH:        It affects your SH (+5).
   Will:      It increases your willpower.
 p - the ring of the Changing Gods {Contam rF+ rCorr Dex+3}
   (You took it off a deep elf blademaster on level 3 of the Elven Halls)

   [ring of protection from fire]

   Dex:       It affects your dexterity (+3).
   rF:        It protects you from fire.
   Contam:    It causes magical contamination when unequipped.
   rCorr:     It protects you from acid and corrosion.
 q - a ring of flight
 G - the ring "Uforetoa" (right hand) {+Blink rElec rN+ rCorr}
   (You found it in a treasure trove)

   [ring of positive energy]

   rElec:     It insulates you from electricity.
   rN:        It protects you from negative energy.
   +Blink:    It lets you blink.
   rCorr:     It protects you from acid and corrosion.
 I - the ring of Gunyexko (left hand) {rPois Str+4 Stlth+}
   (You found it on level 7 of the Dungeon)

   [ring of poison resistance]

   Str:       It affects your strength (+4).
   rPois:     It protects you from poison.
   Stlth:     It makes you more stealthy.
Wands
 w - a wand of charming (21)
 y - a wand of mindburst (37)
 C - a wand of flame (78)
 Q - a wand of iceblast (15)
 S - a wand of acid (17)
Scrolls
 c - a scroll of poison
 f - 4 scrolls of immolation
 t - a scroll of brand weapon
 z - a scroll of silence
 A - 4 scrolls of blinking
 B - 4 scrolls of teleportation
 M - 24 scrolls of identify
 O - 5 scrolls of enchant weapon
 R - 2 scrolls of fog
 V - 2 scrolls of magic mapping
Potions
 d - 4 potions of might
 g - 6 potions of heal wounds
 h - 6 potions of invisibility
 k - 9 potions of curing
 v - 3 potions of berserk rage
 x - a potion of resistance
 D - 7 potions of lignification
 H - 4 potions of ambrosia
 K - a potion of cancellation
Miscellaneous
 m - a lightning rod (4/4)
 P - a phantom mirror
 U - a phial of floods
 Z - a tin of tremorstones (2/2)


   Skills:
 + Level 20.5 Fighting
 O Level 27 Axes
 + Level 7.9(17.0) Polearms
 - Level 3.0 Throwing
 + Level 19.0 Armour
 - Level 5.0 Dodging
 + Level 19.0 Shields
 - Level 3.0 Evocations


You had 20 spell levels left.
You didn't know any spells.
Your spell library contained the following spells:

 Spells                   Type           Power      Damage    Failure   Level
 Freeze                   Ice            0%         1d3       93%         1
 Slow                     Hex            0%         N/A       93%         1
 Blink                    Tloc           0%         N/A       98%         2
 Lesser Beckoning         Tloc           0%         N/A       98%         2
 Momentum Strike          Conj/Tloc      0%         3d8       98%         2
 Confusing Touch          Hex            0%         N/A       100%        3
 Frozen Ramparts          Ice            0%         1d1       100%        3
 Hailstorm                Conj/Ice       0%         3d3       100%        3
 Tukima's Dance           Hex            0%         N/A       100%        3
 Vampiric Draining        Necr           0%         2d6       100%        3
 Passage of Golubria      Tloc           0%         N/A       100%        4
 Yara's Violent Unravell  Hex/Tmut       0%         3d3       100%        5


Dungeon Overview and Level Annotations

Branches:
Dungeon (15/15)            Temple (1/1) D:4            Lair (5/5) D:9
 Shoals (0/4) Lair:3        Snake (4/4) Lair:2        Slime (0/5) Lair:5
    Orc (2/2) D:10            Elf (3/3) Orc:2        Vaults (4/5) D:13
  Crypt (0/3) Vaults:2     Depths (0/4) D:15         Bailey (visited)

Altars:
Ashenzari
Cheibriados
Dithmenos
Elyvilon
Fedhas
Gozag
Hepliaklqana
Kikubaaqudgha
Makhleb
Nemelex Xobeh
Okawaru
Qazlal
Ru
Sif Muna
Trog
Uskayaw
Vehumet
Wu Jian
Xom
Yredelemnul
Zin
The Shining One
Beogh
Jiyva
Lugonu

Shops:
D:14 [   Orc:1 [*   Orc:2 [?(:   Snake:3 *((   Vaults:1 ![[[   Vaults:2 [

Portals:
Abyss: D:6 Lair:5

Annotations:
D:6 2 transporters, Esekla's ghost, novice OpDe
Snake:1 Roxanne


Innate Abilities, Weirdness & Mutations

You are clumsy. (Dex -2)


Message History

You feel strangely unstable.
You carefully extract the barbed spikes from your body.
The mana viper changes into a shock serpent!
The vault sentinel blows a loud note on a signal horn!
You block the ironbound preserver's attack.
You hit the peacekeeper.
The peacekeeper is lightly damaged.
You hit the ironbound preserver but do no damage.
You slash the war gargoyle!
The shock serpent changes into a faun!
You block the peacekeeper's attack.
The peacekeeper claws you but does no damage.
You block the war gargoyle's attack. The peacekeeper bites you.
The peacekeeper claws you.
The vault sentinel blows a loud note on a signal horn!
The ironbound preserver hits you with a +0 dire flail!
* * * LOW HITPOINT WARNING * * *
You slice the peacekeeper!!
The peacekeeper is heavily damaged.
You hit the war gargoyle.
You barely miss the ironbound preserver.
You kill the ironbound preserver!
Trog accepts your kill.
Trog appreciates your killing of a magic user.
The faun changes into an eye of devastation!
The war gargoyle hits you with a +0 heavy great mace!!!
* * * LOW HITPOINT WARNING * * *
You block the peacekeeper's attack. x2
Your Armour skill increases to level 19!
You feel much better.
The peacekeeper roars a battlecry!
The war gargoyle goes into a battle-frenzy!
The war gargoyle hits you with a +1 great mace of draining!!
* * * LOW HITPOINT WARNING * * *
You partially resist.
You feel drained.
* * * LOW HITPOINT WARNING * * *
You block the war gargoyle's attack. The peacekeeper bites you!
* * * LOW HITPOINT WARNING * * *
The peacekeeper claws you but does no damage.
The war gargoyle hits you with a +1 great mace of draining.
You die...

## .# #/ ######### ...
.) #.......# ##### ....
.###.......########
##...# !###.
Tp#.......#...†[..
#....#
(#{#.T#9#.......'.......
.....#
[###GT9@9.......#.......
.<..##
...Tpo###.....).#......^
...## ....T
#.......#....... ..##
.### #.......#.......
.## #.......######## ##
#.......# # #.......#
#.......# ##########
########'#####


You could see an orc warlord, an eye of devastation shaped shifter, 5 deep
trolls, 2 war gargoyles, 2 vault sentinels and a peacekeeper.

Vanquished Creatures
  Mara (Snake:3)
  Frederick (Vaults:3)
  Vashnia (Snake:3)
  Xtahua (Vaults:2)
  Nikola (Snake:2)
  A bone dragon (Vaults:2)
  Rupert (Lair:4)
  Asterion (Snake:1)
  2 deep elf blademasters (Elf:3)
  2 deep elf master archers (Elf:3)
  Kirke (Snake:1)
  Gastronok (D:12)
  A fire giant (Vaults:4)
  5 nagarajas (Snake:4)
  3 deep elf sorcerers
  An emperor scorpion (D:14)
  7 vault wardens
  Louise (D:14)
  Aizul (Snake:1)
  5 deep elf elementalists
  11 ironbound preservers
  An orc warlord (Vaults:3)
  4 very ugly things
  6 ironbound thunderhulks
  A war gargoyle (Vaults:4)
  4 deep elf demonologists
  6 deep elf annihilators
  Azrael (Elf:2)
  7 dire elephants
  3 crystal guardians
  Snorg (D:12)
  3 deep elf death magi (Elf:3)
  2 deep elf high priests (Elf:3)
  4 great orbs of eyes
  3 salamander tyrants
  3 vault guards
  5 yaktaur captains
  7 hydras
  3 ogre magi
  Erica (D:8)
  Harold (Lair:1)
  A centaur warrior (Vaults:3)
  5 boulder beetles
  8 ironbound frosthearts
  2 peacekeepers
  11 anacondas
  26 dancing weapons
  5 death yaks
  2 tengu warriors
  17 naga warriors
  2 thrashing horrors (Lair:5)
  16 shock serpents
  Urug (Orc:1)
  19 deep elf knights
  19 naga sharpshooters
  5 two-headed ogres
  Sonja (Lair:2)
  A titan skeleton (Vaults:3)
  Amaemon (D:8)
  6 salamander mystics
  Lodul (D:12)
  6 skeletal warriors
  A deep troll (shapeshifter) (D:14)
  A glowing orange brain (Vaults:2)
  2 sea snakes
  13 naga ritualists
  5 orc knights
  38 deep trolls
  5 harpies (Vaults:1)
  11 ironbound convokers
  7 lindwurms
  6 wizards
  18 deep elf pyromancers
  2 necromancers (Vaults:3)
  16 mana vipers
  30 deep elf zephyrmancers
  A tengu skeleton (Vaults:3)
  6 deep elf archers
  24 ugly things
  3 cyclopes
  4 oklob plants (Lair:5)
  3 manticores
  3 elephants (Lair:4)
  9 orc sorcerers
  20 salamanders
  11 naga magi
  32 black mambas
  3 guardian serpents
  8 vault sentinels
  2 large abominations (Lair:5)
  9 cane toads
  A cane toad (shapeshifter) (Lair:5)
  An orange demon (D:8)
  A smoke demon (Lair:5)
  Maggie (D:6)
  A gargoyle (D:11)
  2 unseen horrors
  An efreet (D:15)
  A torpor snail (Lair:4)
  5 rime drakes
  A yaktaur (shapeshifter) (Lair:5)
  A freezing wraith (D:12)
  A kobold demonologist (D:13)
  21 yaktaurs
  A tengu conjurer (D:13)
  A human skeleton (Vaults:3)
  7 komodo dragons
  4 ancient zymes (Lair:5)
  3 polar bears
  9 trolls
  A wind drake (Lair:3)
  An elf skeleton (Vaults:3)
  9 small abominations (Lair:5)
  An elf zombie (Vaults:3)
  18 slime creatures
  11 blink frogs
  4 dream sheep (Lair:1)
  3 air elementals
  Sigmund (D:6)
  3 water elementals
  2 spriggans (Lair:5)
  A ynoxinul (Lair:5)
  5 wraiths
  45 yaks
  A shadow (D:13)
  3 basilisks
  3 wyverns
  Grum (Bailey)
  5 fire elementals
  5 hogs (Snake:1)
  A redback (shapeshifter) (Vaults:3)
  2 chaos spawn (Lair:5)
  A steam dragon (D:9)
  4 wargs
  A yaktaur simulacrum (Vaults:3)
  3 vampire mosquitoes (D:11)
  42 nagas
  Duvessa (D:5)
  An acid dragon (D:10)
  16 water moccasins
  4 hell hounds (Elf:2)
  A floating eye (Lair:5)
  20 orc warriors
  A human zombie (Vaults:3)
  4 ice beasts (D:9)
  3 black bears
  2 sky beasts
  27 wolves
  18 ogres
  2 phantoms (D:6)
  10 centaurs
  Blork the orc (D:6)
  3 kobold brigands
  2 necrophages
  13 bullfrogs
  13 gnoll sergeants
  11 wights
  Dowan (D:5)
  4 killer bees (D:8)
  2 vampire bats (D:4)
  7 howler monkeys
  12 gnoll boudas
  7 hounds
  15 orc priests
  2 jellies
  Crazy Yiuf (D:5)
  An iguana (D:6)
  36 orc wizards
  A boggart simulacrum (D:14)
  33 gnolls
  2 adders
  A shadow imp (D:7)
  A white imp (D:6)
  A worm (D:2)
  81 orcs
  13 bats
  7 endoplasms
  3 giant cockroaches
  A goblin (D:3)
  6 hobgoblins
  5 jackals
  17 kobolds
  2 quokkas (D:2)
  6 ball pythons
  5 frilled lizards
  3 rats (D:1)
1232 creatures vanquished.

Vanquished Creatures (collateral kills)
  An ironbound thunderhulk (Vaults:1)
  A vault guard (Vaults:1)
2 creatures vanquished.

Vanquished Creatures (others)
  A vault warden (Vaults:3)
  An ironbound preserver (Vaults:4)
  A deep elf annihilator (Elf:3)
  A dancing weapon (Elf:2)
  2 deep elf knights
  A deep troll (Vaults:3)
  A deep elf zephyrmancer (Elf:2)
  A deep elf pyromancer (Elf:2)
  39 fungi
  45 plants
93 creatures vanquished.

Grand Total: 1327 creatures vanquished

Notes
Turn   | Place    | Note
-------+----------+-------------------------------------------
     0 | D:1      | Lobster4 the Hill Orc Fighter began the quest for the Orb.
     0 | D:1      | Reached XP level 1. HP: 19/19 MP: 1/1
   126 | D:1      | Reached skill level 3 in Axes
   245 | D:1      | Reached XP level 2. HP: 21/27 MP: 2/2
  1075 | D:2      | Identified the +6 spear of Causality {spect, rPois Dex+2}
  1103 | D:2      | Reached XP level 3. HP: 33/33 MP: 3/3
  1111 | D:2      | Found a faded altar of an unknown god.
  1157 | D:2      | You are sucked into a shaft and drop 1 floor!
  1363 | D:2      | Found a burning altar of Makhleb.
  2251 | D:4      | Reached skill level 4 in Axes
  2256 | D:4      | Reached skill level 1 in Throwing
  2256 | D:4      | Reached XP level 4. HP: 27/40 MP: 4/4
  2405 | D:4      | Found a staircase to the Ecumenical Temple.
  2414 | Temple   | Entered the Ecumenical Temple
  2431 | Temple   | Became a worshipper of Trog the Wrathful
  2548 | D:4      | Reached XP level 5. HP: 46/46 MP: 5/5
  2796 | D:4      | Reached skill level 5 in Axes
  2796 | D:4      | Reached skill level 1 in Evocations
  2845 | D:4      | Found a broken altar of Ashenzari.
  2977 | D:4      | Reached XP level 6. HP: 53/53 MP: 6/6
  2978 | D:4      | Reached * piety under Trog
  3219 | D:5      | Entered Level 5 of the Dungeon
  3288 | D:5      | Noticed Duvessa
  3291 | D:5      | Noticed Dowan
  3295 | D:5      | Killed Duvessa
  3296 | D:5      | Reached XP level 7. HP: 53/60 MP: 7/7
  3297 | D:5      | Killed Dowan
  3310 | D:5      | Reached skill level 5 in Fighting
  3310 | D:5      | Reached skill level 6 in Axes
  3335 | D:5      | Found a basalt altar of Yredelemnul.
  3398 | D:5      | Found a hide-covered altar of Uskayaw.
  3509 | D:5      | Reached skill level 5 in Shields
  3567 | D:5      | Reached XP level 8. HP: 69/69 MP: 8/8
  3585 | D:5      | Reached skill level 7 in Axes
  3660 | D:5      | Reached skill level 5 in Armour
  3701 | D:5      | Found a runed translucent door.
  3702 | D:5      | Noticed Crazy Yiuf
  3947 | D:5      | Killed Crazy Yiuf
  4059 | D:6      | Reached ** piety under Trog
  4062 | D:6      | Noticed Sigmund
  4069 | D:6      | Killed Sigmund
  4142 | D:6      | Noticed Blork the orc
  4159 | D:6      | Killed Blork the orc
  4160 | D:6      | Reached skill level 8 in Axes
  4166 | D:6      | Noticed an ice devil
  4416 | D:6      | Found a transporter.
  4454 | D:6      | Noticed Esekla's ghost (novice OpDe)
  4466 | D:6      | Noticed a brown ugly thing
  4563 | D:6      | Found a shimmering blue altar of Sif Muna.
  4568 | D:6      | Reached XP level 9. HP: 78/78 MP: 9/9
  4714 | D:6      | Noticed Maggie
  4719 | D:6      | Killed Maggie
  4720 | D:6      | Reached skill level 9 in Axes
  4742 | D:6      | Noticed a wizard
  4765 | D:6      | Found a transporter.
  4766 | D:6      | Found a one-way gate to the infinite horrors of the Abyss.
  4980 | D:7      | Found a flagged portal.
  4989 | Bailey   | Entered a bailey
  5092 | Bailey   | Reached skill level 10 in Axes
  5366 | Bailey   | Reached *** piety under Trog
  5600 | Bailey   | Noticed Grum
  5606 | Bailey   | Killed Grum
  5607 | Bailey   | Reached skill level 11 in Axes
  5607 | Bailey   | Reached XP level 10. HP: 71/88 MP: 10/10
  6348 | D:7      | Identified the ring of Gunyexko {rPois Str+4 Stlth+}
  6376 | D:7      | Found a snail-covered altar of Cheibriados.
  6577 | D:7      | Found a blossoming altar of Fedhas.
  6777 | D:8      | Reached **** piety under Trog
  6918 | D:8      | Noticed an orange demon
  6920 | D:8      | Noticed Amaemon
  6933 | D:8      | Killed Amaemon
  6934 | D:8      | Reached skill level 12 in Axes
  6937 | D:8      | Killed an orange demon
  7110 | D:8      | Noticed Erica
  7117 | D:8      | Killed Erica
  7645 | D:9      | Reached skill level 13 in Axes
  7679 | D:9      | Reached XP level 11. HP: 85/97 MP: 11/11
  7781 | D:9      | Found a staircase to the Lair.
  8085 | D:9      | Found a shadowy altar of Dithmenos.
  8247 | D:10     | Entered Level 10 of the Dungeon
  8369 | D:10     | Found a staircase to the Orcish Mines.
  8373 | D:10     | Reached ***** piety under Trog
  8374 | D:10     | Reached skill level 14 in Axes
  8678 | D:10     | Reached skill level 10 in Fighting
  8913 | D:10     | Found a sacrificial altar of Ru.
  9195 | D:11     | Noticed a two-headed ogre
  9213 | D:11     | Killed a two-headed ogre
  9214 | D:11     | Reached skill level 15 in Axes
  9214 | D:11     | Reached XP level 12. HP: 107/107 MP: 12/12
  9453 | D:11     | Noticed a boulder beetle
  9483 | D:11     | Killed a boulder beetle
  9660 | Lair:1   | Entered Level 1 of the Lair of Beasts
  9671 | Lair:1   | Reached skill level 10 in Shields
  9819 | Lair:1   | Reached skill level 10 in Armour
  9822 | Lair:1   | Noticed Harold
  9830 | Lair:1   | Killed Harold
  9846 | Lair:1   | Reached skill level 16 in Axes
 10639 | Lair:2   | Identified the +5 scale mail of Gehenna {Drain rC- Will+
                  | Str+6}
 10781 | Lair:2   | Found a staircase to the Snake Pit.
 10867 | Lair:2   | Noticed a five-headed hydra
 10877 | Lair:2   | Killed a five-headed hydra
 10997 | Lair:2   | Noticed Sonja
 11005 | Lair:2   | Killed Sonja
 11179 | Lair:2   | Noticed a death yak
 11180 | Lair:2   | Noticed a death yak
 11188 | Lair:2   | Noticed a death yak
 11190 | Lair:2   | Noticed a death yak
 11195 | Lair:2   | Killed a death yak
 11251 | Lair:1   | Killed a death yak
 11252 | Lair:1   | Reached skill level 17 in Axes
 11260 | Lair:1   | Killed a death yak
 11261 | Lair:1   | Reached XP level 13. HP: 113/117 MP: 13/13
 11796 | Lair:2   | Received a gift from Trog
 12669 | Lair:3   | Found a staircase to the Shoals.
 13385 | Lair:4   | Noticed Rupert
 13444 | Lair:4   | Reached skill level 18 in Axes
 13971 | Lair:4   | Killed Rupert
 14576 | Lair:5   | Entered Level 5 of the Lair of Beasts
 14576 | Lair:5   | Found a staircase to the Slime Pits.
 14576 | Lair:5   | Found a viscous altar of Jiyva.
 14966 | Lair:5   | Paralysed by a floating eye for 2 turns
 14992 | Lair:5   | Reached XP level 14. HP: 111/129 MP: 14/14
 15065 | Lair:5   | Reached skill level 19 in Axes
 15607 | Lair:5   | Received a gift from Trog
 16394 | Lair:5   | Found a corrupted altar of Lugonu.
 16896 | Lair:4   | Reached skill level 20 in Axes
 17012 | Orc:1    | Entered Level 1 of the Orcish Mines
 17012 | Orc:1    | Found Maemin's Antique Armour Boutique.
 17012 | Orc:1    | Found a roughly hewn altar of Beogh.
 17016 | Orc:1    | Noticed Urug
 17037 | Orc:1    | Killed Urug
 17170 | Orc:1    | Found Bonel's Gadget Gallery.
 17276 | Orc:2    | Entered Level 2 of the Orcish Mines
 17522 | Orc:1    | Received a gift from Trog
 17905 | Orc:2    | Found a staircase to the Elven Halls.
 18434 | Orc:2    | Received a gift from Trog
 18824 | Orc:2    | Found Ciezeint's Book Emporium.
 18945 | Orc:2    | Found Jophimne's Antique Armour Shoppe.
 18974 | Orc:2    | Found an ancient bone altar of Kikubaaqudgha.
 18999 | Orc:2    | Found Lucushis's Antique Weapon Shoppe.
 19158 | Orc:2    | Found a radiant altar of Vehumet.
 19191 | Orc:2    | Found a roughly hewn altar of Beogh.
 19244 | Orc:2    | Paralysed by an orc sorcerer for 3 turns
 19258 | Orc:2    | Found Peurua's Magic Scroll Emporium.
 19271 | Orc:2    | Bought a scroll of teleportation for 51 gold pieces
 19390 | D:12     | Noticed Lodul
 19395 | D:12     | Reached XP level 15. HP: 134/138 MP: 15/15
 19410 | D:12     | Killed Lodul
 19492 | D:12     | Noticed Gastronok
 19519 | D:12     | Killed Gastronok
 19519 | D:12     | Received a gift from Trog
 19647 | D:12     | Noticed Snorg
 19659 | D:12     | Killed Snorg
 19863 | D:12     | Reached skill level 21 in Axes
 20238 | D:12     | Reached ****** piety under Trog
 20978 | D:13     | Found a gate to the Vaults.
 21415 | D:14     | Noticed Louise
 21884 | D:14     | Found Dojo Miv's Armour Boutique.
 21892 | D:14     | Bought a +0 pair of gloves of infusion for 161 gold pieces
 21906 | D:14     | Bought the +15 Maxwell's patent armour {-Cast -Tele rElec
                  | Will+ rCorr} for 1489 gold pieces
 21906 | D:14     | Found the +15 Maxwell's patent armour {-Cast -Tele rElec
                  | Will+ rCorr}
 22460 | D:14     | Found a glowing golden altar of the Shining One.
 22752 | D:14     | Killed Louise
 22800 | D:15     | Entered Level 15 of the Dungeon
 22808 | D:14     | Received a gift from Trog
 22816 | D:14     | Reached skill level 15 in Fighting
 23041 | D:15     | Found a staircase to the Depths.
 23046 | D:15     | Noticed an emperor scorpion
 23079 | D:14     | Killed an emperor scorpion
 23643 | D:15     | Reached skill level 22 in Axes
 24654 | Snake:1  | Entered Level 1 of the Snake Pit
 24724 | Snake:1  | Noticed Roxanne
 24739 | Snake:1  | Noticed Aizul
 24879 | Snake:1  | Killed Aizul
 24880 | Snake:1  | Reached XP level 16. HP: 149/149 MP: 3/16
 26957 | Snake:1  | Reached skill level 23 in Axes
 27675 | Snake:1  | Noticed Asterion
 27686 | Snake:1  | Killed Asterion
 27769 | Snake:1  | Received a gift from Trog
 27916 | Snake:1  | Noticed Kirke
 27926 | Snake:1  | Killed Kirke
 28840 | Snake:2  | Reached skill level 15 in Shields
 29413 | Snake:2  | You fall into a shaft and drop 1 floor!
 29422 | Snake:3  | Reached skill level 15 in Armour
 29522 | Snake:2  | Reached XP level 17. HP: 89/159 MP: 0/17
 30514 | Snake:3  | Noticed Nikola
 30760 | Snake:3  | Noticed Vashnia
 30827 | Snake:3  | Reached skill level 24 in Axes
 30847 | Snake:2  | Killed Nikola
 30966 | Snake:3  | Found Bovveseh's Weapon Emporium.
 30966 | Snake:3  | Found Nininuc's Weapon Shoppe.
 30966 | Snake:3  | Found Zoirruti's General Store.
 31122 | Snake:3  | Killed Vashnia
 31393 | Snake:3  | Noticed Mara
 31573 | Snake:3  | Killed Mara
 32112 | Snake:3  | Received a gift from Trog
 33417 | Snake:4  | Entered Level 4 of the Snake Pit
 33964 | Snake:4  | Reached skill level 25 in Axes
 34567 | Snake:4  | Reached XP level 18. HP: 165/170 MP: 1/18
 34576 | Snake:4  | Received a gift from Trog
 35843 | Snake:4  | Got a serpentine rune of Zot
 36146 | Elf:1    | Entered Level 1 of the Elven Halls
 36437 | Elf:1    | Received a gift from Trog
 36738 | Elf:1    | Found a portal to a secret trove of treasure.
 36839 | Orc:2    | Bought a scroll of fog for 68 gold pieces
 36958 | Elf:1    | You paid a toll of 6 scrolls of fog to enter a treasure
                  | trove
 36959 | Trove    | Entered a treasure trove
 36968 | Trove    | Identified the ring of Banumia {Fire Drain rN+ Stlth+}
 36970 | Trove    | Identified the amulet of the Dripping Scavenger {Reflect
                  | rElec Will+ Dex-2 SH+5}
 36972 | Trove    | Identified the ring "Nycku" {rElec rCorr}
 36976 | Trove    | Identified the amulet "Oxzenag" {Reflect Fly SH+5}
 36982 | Trove    | Identified the ring "Uforetoa" {+Blink rElec rN+ rCorr}
 36986 | Trove    | Identified the amulet "Teiblyqo" {Reflect Str+3 SH+5}
 37541 | Elf:1    | You fall into a shaft and drop 1 floor!
 37541 | Elf:2    | Found a runed translucent gate.
 37541 | Elf:2    | Found a runed translucent gate.
 37541 | Elf:2    | Found a runed translucent gate.
 37583 | Elf:2    | Reached skill level 26 in Axes
 37822 | Elf:2    | Paralysed by an air elemental for 1 turns
 37982 | Elf:1    | Found a radiant altar of Vehumet.
 38318 | Elf:2    | Noticed Azrael
 38335 | Elf:2    | Killed Azrael
 38377 | Elf:2    | Received a gift from Trog
 39729 | Elf:2    | Reached XP level 19. HP: 178/180 MP: 14/19
 39908 | Elf:2    | Received a gift from Trog
 40368 | Elf:3    | Entered Level 3 of the Elven Halls
 40443 | Elf:3    | Found an ancient bone altar of Kikubaaqudgha.
 41663 | Elf:3    | Reached skill level 27 in Axes
 41819 | Elf:3    | Identified the ring of the Changing Gods {Contam rF+ rCorr
                  | Dex+3}
 41909 | Elf:3    | Identified the +0 great sword of Eternal Harmony {venom,
                  | rN+ Int+4}
 41986 | Elf:3    | Gained mutation: You are clumsy. (Dex -2) [a neqoxec]
 42148 | Elf:3    | Identified the +5 battleaxe of Tun Dirch {flame, +Blink
                  | rPois}
 42245 | Elf:3    | Identified the +2 hand axe of Regicide {venom, Dex+2}
 43615 | Vaults:1 | Entered Level 1 of the Vaults
 43822 | Snake:3  | Bought the +8 trishula "Condemnation" {holy, anguish,
                  | *Noise Fly rN+} for 1287 gold pieces
 43822 | Snake:3  | Found the +8 trishula "Condemnation" {holy, anguish, *Noise
                  | Fly rN+}
 44023 | Vaults:1 | Found Kithreir's Armour Shoppe.
 44030 | Vaults:1 | Found Yschuabure's Antique Armour Shoppe.
 44033 | Vaults:1 | Found Louco's Antique Armour Boutique.
 44160 | Vaults:1 | Reached skill level 1 in Polearms
 44162 | Vaults:1 | Received a gift from Trog
 44372 | Vaults:1 | Reached skill level 1 in Dodging
 45010 | Vaults:1 | Found Goyxofo's Distillery.
 46058 | Vaults:2 | Reached XP level 20. HP: 191/191 MP: 10/20
 46136 | Vaults:2 | Found Atiguv's Antique Armour Shop.
 46144 | Vaults:2 | Bought a glowing helmet for 330 gold pieces
 46156 | Vaults:2 | Noticed Xtahua
 46179 | Vaults:2 | Killed Xtahua
 46466 | Vaults:2 | Noticed a bone dragon
 46491 | Vaults:2 | Killed a bone dragon
 47076 | Vaults:2 | Received a gift from Trog
 47804 | Vaults:2 | Reached skill level 5 in Polearms
 48222 | Vaults:2 | Found a staircase to the Crypt.
 48880 | Vaults:3 | Received a gift from Trog
 49369 | Vaults:3 | Identified the +5 chain mail "Muitol" {Dex+2 Stlth+}
 50925 | Vaults:3 | Reached skill level 5 in Dodging
 51270 | Vaults:3 | Noticed Frederick
 51285 | Vaults:3 | Killed Frederick
 51516 | Vaults:3 | Reached XP level 21. HP: 163/201 MP: 12/21
 52646 | Vaults:4 | Received a gift from Trog
 52844 | Vaults:4 | HP: 1/197 [peacekeeper (9)]
 52844 | Vaults:4 | Slain by a war gargoyle

Illustrated notes

Levels and vault maps discovered:
D:1:      dpeg_arrival_central, layout_loops_corners
D:2:      layout_basic, basic_altar,
          dreamdust_ecumenical_altar_angels_and_demons
D:3:      layout_basic
D:4:      layout_basic, ashenzari_altar_1, minmay_temple_entry_slanted,
          hangedman_glass_teeth, roderic_batcave
D:5:      layout_cave_pools, eat_drink_and_be_merry_uskayaw,
          kennysheep_mini_moat, minmay_increasing_density, uniq_duvessa,
          uniq_crazy_yiuf_cottage
D:6:      layout_basic, mainiacjoe_overflow_surrounded_room,
          gammafunk_ghost_abyssal_escape, serial_bayou_ford_a,
          uniq_blork_the_orc, uniq_sigmund, uniq_maggie
D:7:      layout_gridville, lemuel_crystal_altar, fedhas_altar_4,
          enter_bailey_6, minmay_checkerbox
D:8:      layout_loops_corners, uniq_amaemon, uniq_erica
D:9:      layout_cave_pools, nicolae_dithmenos_shadow_blocks,
          hellmonk_lair_entry_icy
D:10:     layout_rooms, nicolae_ru_sacrificial_ziggurat,
          kennysheep_orc_monster_closet_entryway
D:11:     layout_rooms
D:12:     layout_irregular_city, uniq_lodul, uniq_snorg, uniq_gastronok
D:13:     layout_roguey, erik_vaults_1
D:14:     layout_long_grid, serial_shops, shop, nicolae_tso_swordbearing_angel,
          uniq_louise
D:15:     hangedman_depths_entry_try_elsewhere_first, layout_rooms,
          hangedman_decor_push
Temple:   nicolae_temple_ecumenical_triangle
Lair:1:   layout_gridlike, uniq_harold
Lair:2:   layout_hall_layers, minmay_snake_entry_guardpost_small,
          grunt_megastairs_1, uniq_sonja
Lair:3:   layout_concentric_octagons, minmay_shoals_entry_beasts
Lair:4:   layout_loops_ring, serial_bayou_pond_b, pond, uniq_rupert
Lair:5:   hellmonk_lair_end_abyssal_woods, layout_misc_corridors, slime_entry_1,
          disabler_island
Snake:1:  layout_misc_corridors, nicolae_snake_naga_rites, grunt_megastairs_4,
          uniq_aizul, uniq_kirke, uniq_roxanne, uniq_asterion
Snake:2:  layout_layer_cave, nicolae_snake_gridmaze_swirls
Snake:3:  nicolae_snake_nest, layout_chambers, serial_bayou_pond_d,
          nicolae_snake_round_shape_thing, nicolae_wooded_promenade,
          uniq_vashnia, uniq_mara, uniq_nikola
Snake:4:  minmay_snake_end_coiled, layout_cave_town, lemuel_fruit_tree,
          grunt_megastairs_3
Orc:1:    layout_caves, serial_shops, shop, basic_altar,
          mumra_transporter_accident, nicolae_shop_gadgets, uniq_urug
Orc:2:    kennysheep_orc_mage_school, layout_caves, minmay_orc_barracks
Elf:1:    nicolae_elf_arrival_fired_up, layout_loops_cross, enter_trove_3,
          basic_altar, minmay_elf_annihilation, feat_on_display
Elf:2:    nicolae_elf_blades_crystal_corner, layout_loops_corners,
          bh_hangedman_babel_library, uniq_azrael
Elf:3:    elf_hall_gauntlet_wide, layout_gridlike, basic_altar
Vaults:1: v_alt_pattern_3, v_misc_10, grunt_vaults_hallway_short,
          vaults_dpeg_emergency_exit, v_rooms_3, ontoclasm_vaults_eye,
          nicolae_vaults_mini_display_case, serial_ice_b,
          nicolae_vaults_little_squares_2, layout_vaults_big_room, serial_shops,
          nicolae_shop_hallway_stairs, shop, shop, nicolae_shop_behind_doors
Vaults:2: minmay_crypt_entry_nasty_monster, hangedman_vaults_stream,
          grunt_vaults_bifocal, vaults_standard_mumra_enter_the_diamond,
          v_rooms_2, vaults_room_pools, nicolae_vaults_ring_of_whatevers,
          nicolae_vaults_windows_and_doors_thing, dpeg_vaults_monster_box,
          nicolae_vaults_shelves_hall, vaults_dpeg_spiral,
          layout_vaults_omnicross, serial_shops,
          nicolae_shop_competitors_out_of_business, uniq_xtahua
Vaults:3: v_misc_27, nicolae_vaults_rhombus_6, nicolae_vaults_network_square,
          vaults_mumra_minichess_inversion, nicolae_vaults_border_crossing,
          nicolae_vaults_little_squares_2, vaults_room_semicircle,
          v_alt_pattern_4, ontoclasm_vaults_hangar, vaults_mumra_chevron_long,
          nicolae_vaults_network_star, ontoclasm_vaults_tryst,
          nicolae_vaults_alarming, layout_vaults_omnibox, uniq_frederick,
          uniq_margery
Vaults:4: vaults_room_pool, v_misc_29, vaults_room_stairs_pillars,
          nicolae_vaults_specimen_jars, hangedman_vaults_slice, v_misc_5,
          v_misc_1, dpeg_vaults_hating_casters, vaults_mumra_hex,
          ontoclasm_vaults_ring_square, nicolae_vaults_diagonal_hallway_8,
          nicolae_vaults_yaktaur_gun_rack, layout_vaults_ring

Skill      XL: |  1  2  3  4  5  6  7  8  9 10 11 12 13 14 15 16 17 18 19 20 21 |
---------------+----------------------------------------------------------------+-----
Axes           | 3 4 5 6 8 11 13 15 17 18 20 22 23 25 26 27 | 27.0
Fighting       | 4 5 6 7 9 10 11 13 14 15 16 17 18 19 20 | 20.5
Throwing       | 1 2 3 |  3.0
Shields        | 4 5 7 8 9 10 12 13 14 15 16 17 18 19 | 19.0
Evocations     | 1 2 3 |  3.0
Armour         | 4 5 7 8 9 10 11 13 14 15 16 17 18 19 | 19.0
Polearms       | 3 7 |  7.9
Dodging        | 2 5 |  5.0

Action                     |  1- 3 |  4- 6 |  7- 9 | 10-12 | 13-15 | 16-18 | 19-21 || total
---------------------------+-------+-------+-------+-------+-------+-------+-------++-------
  Melee: War axe           |    71 |       |       |       |       |       |       ||    71
         Spear             |    33 |    48 |   169 |   513 |  1427 |  1467 |  1177 ||  4834
         Trishula          |       |       |       |       |       |       |   138 ||   138
         Broad axe         |       |       |       |       |       |       |    34 ||    34
  Throw: Dart              |       |       |     4 |     9 |    18 |       |     9 ||    40
         Boomerang         |       |       |       |     4 |    48 |    17 |     4 ||    73
         Javelin           |       |       |       |       |     4 |     1 |       ||     5
         Throwing net      |       |       |       |       |     1 |       |       ||     1
 Invoke: Berserk           |       |       |       |     2 |     3 |     1 |     1 ||     7
         Trog's Hand       |       |       |       |       |     2 |       |     1 ||     3
         Brothers in Arms  |       |       |       |       |       |     1 |     1 ||     2
  Evoke: Wand              |       |       |     5 |       |     4 |     8 |    10 ||    27
         Lightning rod     |       |       |       |     4 |     2 |     9 |       ||    15
         Phial of floods   |       |       |       |       |     1 |     1 |     1 ||     3
         Phantom mirror    |       |       |       |       |       |       |     2 ||     2
    Use: Scroll            |       |     6 |    16 |     9 |     8 |     8 |     7 ||    54
         Potion            |       |     1 |     1 |       |     3 |     9 |     3 ||    17
   Stab: Distracted        |       |       |     1 |     5 |    30 |    34 |    21 ||    91
         Sleeping          |       |       |       |     4 |     4 |       |       ||     8
 Armour: Scale mail        |    40 |    15 |    39 |       |       |       |       ||    94
         Acid dragon scale |       |       |    22 |    99 |   220 |       |       ||   341
         Plate armour      |       |       |       |       |    65 |   374 |   315 ||   754
         Skin              |       |       |       |       |       |     2 |       ||     2
  Dodge: Dodged            |    58 |    11 |    56 |   135 |   468 |   241 |   148 ||  1117
  Block: Buckler           |    13 |     3 |    28 |    53 |       |       |       ||    97
         Kite shield       |       |       |       |   101 |   577 |   503 |   555 ||  1736
         Reflection        |       |       |       |       |       |    14 |    53 ||    67

Table legend: (Time is in decaauts)
 A = Elapsed time spent in this place.
 B = Non-inter-level travel time spent in this place.
 C = Inter-level travel time spent in this place.
 D = Time resting spent in this place.
 E = Time spent auto-exploring this place.
 F = Levels seen in this place.
 G = Mean time per level.
                   A        B        C        D        E       F      G
               +--------+--------+--------+--------+--------+-----+--------+
         Total |  51229 |  48301 |   2928 |  10195 |  27471 |  36 | 1423.0 |
       Dungeon |  13963 |  12794 |   1169 |   1030 |   9421 |  15 |  930.9 |
        Temple |     30 |     18 |     12 |      0 |      0 |   1 |   30.0 |
          Lair |   7446 |   6980 |    466 |   1542 |   4012 |   5 | 1489.2 |
     Snake Pit |  10862 |  10277 |    585 |   2854 |   5031 |   4 | 2715.5 |
  Orcish Mines |   2538 |   2244 |    294 |    693 |    811 |   2 | 1269.0 |
   Elven Halls |   6821 |   6560 |    261 |   1995 |   2614 |   3 | 2273.7 |
        Vaults |   8398 |   8259 |    139 |   1688 |   5358 |   4 | 2099.5 |
         Trove |     35 |     35 |      0 |      0 |      0 |   1 |   35.0 |
        Bailey |   1132 |   1132 |      0 |    392 |    224 |   1 | 1132.0 |
               +--------+--------+--------+--------+--------+-----+--------+

Top non-repeatable levels by time:
 Snake:2: 3354 daAuts
Vaults:2: 2880 daAuts
   Elf:3: 2738 daAuts
Vaults:3: 2677 daAuts
 Snake:1: 2636 daAuts
 Snake:3: 2481 daAuts
 Snake:4: 2390 daAuts
   Elf:2: 2240 daAuts
    D:14: 1978 daAuts
  Lair:5: 1931 daAuts
Vaults:1: 1921 daAuts
   Elf:1: 1842 daAuts
  Lair:4: 1754 daAuts
   Orc:2: 1724 daAuts
  Lair:2: 1649 daAuts
